AoeStats
← helldingdingDSSRRedededdd SD

Arabia

510714823Analyzed
1v1 RM · 10h ago on Oct 2, 2026· 48m 1s· 2 players
Game mode
Random Map
Map size
Tiny (2 player)
Population
200
Speed
Normal
Resources
Standard
Victory
Conquest
Starting age
Dark Age
Ending age
Imperial Age
RankedLock teamsTeams togetherTeam positionsShared explorationLock speedFull tech treeHidden civsTurbo modeCheats
Victory
Defeat
🇮🇹 Franks · Italy
1059
+14
🇭🇰 Wu · Hong Kong SAR China
1011
-14
helldingdingDSSRRedededdd SD
6:15 Loom
9:17 Feudal Age
9:48 Double-Bit Axe
13:58 Fletching
21:06 Castle Age
20:13 Gold Mining
20:34 Scale Mail Armor
20:46 Forging
21:14 Arson
22:03 Squires
22:52 Pikeman
27:20 Chain Mail Armor
31:43 Iron Casting
46:46 Imperial Age
Tosto
9:03 Feudal Age
9:36 Double-Bit Axe
9:49 Loom
14:45 Scale Barding Armor
17:17 Forging
22:33 Castle Age
21:19 Fletching
21:29 Gold Mining
22:34 Crossbowman
23:48 Bow Saw
23:53 Bodkin Arrow
27:04 Chain Barding Armor
29:30 Husbandry
29:33 Stone Mining
30:41 Iron Casting
36:29 Town Watch
38:14 Ballistics
42:19 Imperial Age
43:17 Wheelbarrow
46:57 Cavalier
Connection lost

Rejoining the realm…

Still unreachable

The connection could not be restored.

Session expired

The server has moved on; the page needs a fresh start.